[Event "Titled Tuesday Blitz February 14 Early 2023"]
[White "Cruz Lledo, Pablo"]
[Black "Avinash, Ramesh"]
[WhiteFideId "2297361"]
[BlackFideId "45018340"]
[WhiteElo "2373"]
[BlackElo "2319"]
[Result "1/2-1/2"]
[Round "03"]
[TimeControl "180+2"]
[Date "2023.02.15"]
[WhiteClock "0:00:01"]
[BlackClock "0:00:23"]

1. d4 Nf6 2. c4 g6 3. Nf3 Bg7 4. Nc3 O-O 5. g3 d6 6. Bg2 Nc6 7. O-O e5 8. d5 Ne7 9. e4 Ne8 10. Ne1 f5 11. Nd3 Nf6 12. b4 a5 13. Ba3 axb4 14. Bxb4 fxe4 15. Nxe4 Nxe4 16. Bxe4 b6 17. a4 Bf5 18. f3 Qd7 19. a5 bxa5 20. Rxa5 Bh3 21. Rf2 Nf5 22. Rfa2 Rxa5 23. Bxa5 Bh6 24. Bd2 Bxd2 25. Qxd2 Nd4 26. Ne1 Qg4 27. Qe3 Kg7 28. c5 h5 29. cxd6 Qd7 30. Qg5 Qxd6 31. Rf2 Qf6 32. Qc1 Qb6 33. Qb2 Rb8 34. Qxb6 Rxb6 35. Rd2 Ra6 36. Kf2 g5 37. Nd3 Kf6 38. f4 exf4 39. gxf4 Ra1 40. Ne1 Nb5 41. fxg5+ Kxg5 42. Bg2 Bf5 43. Nf3+ Kf6 44. Nd4 Nd6 45. h3 Bxh3 46. Bxh3 Ne4+ 47. Ke3 Nxd2 48. Kxd2 Ke5 49. Nc2 Rh1 50. Be6 Rh2+ 51. Kd3 c6 52. Ne3 cxd5 53. Bxd5 Rh3 54. Bg2 Rg3 55. Ke2 Kf4 56. Nd5+ Kg5 57. Ne3 h4 58. Kf2 Kf4 59. Nd5+ Ke5 60. Ne3 Rg8 61. Bf3 Rb8 62. Ng2 Rb2+ 63. Kg1 h3 64. Ne3 Kf4 65. Nd1 Rd2 66. Bh5 Kg3 67. Ne3 Kh4 68. Bf3 Ra2 69. Nf1 Kg5 70. Be4 Kf4 71. Bh1 Kg4 72. Bd5 Kh4 73. Bxa2 Kg4 74. Bd5 Kh4 75. Bh1 Kg4 76. Kh2 Kh4 77. Ng3 Kg4 78. Bd5 Kh4 79. Be6 Kg5 80. Kxh3 Kf4 81. Bg4 Ke3 82. Kh4 Kf4 83. Nh5+ Ke5 84. Kg3 Ke4 85. Bf3+ Ke3 86. Nf4 Kd4 87. Kf2 Kc3 88. Ke3 Kc4 89. Be4 Kc3 90. Bd5 Kc2 91. Ne2 Kb2 92. Kd3 Ka1 93. Kc3 Kb1 94. Be4+ Ka1 95. Bc2 Ka2 96. Nd4 Ka1 97. Nc6 Ka2 98. Nb4+ Ka1 99. Nd3 Ka2 100. Bb3+ Ka1 101. Bd1 Ka2 102. Kc2 Ka1 103. Nc5 Ka2 104. Nb3 Ka3 105. Kc3 Ka2 106. Bc2 Ka3 107. Bb1 Ka4 108. Kc4 Ka3 109. Kc3 Ka4 110. Nd4 Ka3 111. Nb5+ Ka4 112. Kc4 Ka5 113. Kc5 Ka4 114. Bc2+ Ka5 115. Bb3 Ka6 116. Kc6 Ka5 117. Kc5 Ka6 118. Nd6 Ka5 119. Nc4+ Ka6 120. Kc6 Ka7 121. Ba4 Ka6 122. Bb5+ Ka7 123. Kc7 Ka8 124. Bc6+ Ka7 125. Be8 Ka6 126. Bc6 Ka7 127. Bb5 Ka8 128. Na5 Ka7 129. Kc8 Kb6 1/2-1/2


[Site "https://www.chess.com"]

[Event "Titled Tuesday Blitz February 14 Early 2023"]
[White "Bodnaruk, Anastasia"]
[Black "Boruchovsky, Avital"]
[WhiteFideId "4181751"]
[BlackFideId "2800055"]
[WhiteElo "2350"]
[BlackElo "2539"]
[Result "1-0"]
[Round "03"]
[TimeControl "180+2"]
[Date "2023.02.15"]
[WhiteClock "0:00:05"]
[BlackClock "0:00:13"]

1. e4 c5 2. Nc3 d6 3. Nge2 Nf6 4. d4 cxd4 5. Nxd4 a6 6. h3 e5 7. Nb3 h5 8. g3 Be7 9. Bg2 Be6 10. O-O Nbd7 11. Nd5 Nxd5 12. exd5 Bf5 13. f4 Qc8 14. c3 e4 15. g4 hxg4 16. hxg4 Nc5 17. gxf5 Qxf5 18. Nxc5 dxc5 19. Be3 O-O-O 20. c4 Rd6 21. Bxc5 Rg6 22. Bxe7 Rxg2+ 23. Kxg2 Qh3+ 24. Kf2 e3+ 25. Ke2 Qg2+ 26. Kd3 Rh2 27. Ba3 e2 28. Qe1 exf1=Q+ 29. Qxf1 Qd2+ 30. Ke4 Re2+ 31. Kf5 Qd3+ 32. Kg4 Qg6+ 33. Kf3 Qe4+ 34. Kg3 Re3+ 35. Kh2 Qh7+ 36. Kg1 Rg3+ 37. Kf2 Qh2+ 38. Ke1 Qc2 39. Qf2 Qd3 40. Rd1 Re3+ 41. Qxe3 Qxe3+ 42. Kf1 Qxf4+ 43. Ke2 Qe4+ 44. Kd2 Qxc4 45. Rc1 b5 46. Rxc4+ bxc4 47. Ke3 Kd7 48. Kd4 g5 49. Kxc4 g4 50. Kd3 g3 51. Ke3 f5 52. Kf3 f4 53. Bc5 Kc7 54. Kxf4 g2 55. Kf3 1-0


[Site "https://www.chess.com"]

[Event "Titled Tuesday Blitz February 14 Early 2023"]
[White "Erdogdu, Mert"]
[Black "Shimelkov, Vasiliy"]
[WhiteFideId "6301495"]
[BlackFideId "13701630"]
[WhiteElo "2413"]
[BlackElo "2159"]
[Result "0-1"]
[Round "03"]
[TimeControl "180+2"]
[Date "2023.02.15"]
[WhiteClock "0:00:17"]
[BlackClock "0:00:15"]

1. e4 c5 2. Nf3 Nc6 3. d4 cxd4 4. Nxd4 Nf6 5. Nc3 e6 6. Ndb5 Bb4 7. a3 Bxc3+ 8. Nxc3 d5 9. exd5 exd5 10. Bd3 O-O 11. O-O Bg4 12. f3 Bh5 13. Bg5 Qb6+ 14. Kh1 Ne4 15. Nxe4 dxe4 16. Bxe4 Qxb2 17. Qb1 Qxb1 18. Raxb1 Bg6 19. Bxg6 hxg6 20. Rxb7 Na5 21. Rb5 Nc4 22. a4 Rfc8 23. Rc1 a6 24. Rb3 Rc6 25. Rc3 Rac8 26. Kg1 Nb6 27. Rxc6 Rxc6 28. a5 Nc4 29. Bd8 Rc5 30. c3 Nxa5 31. Be7 Rc4 32. Ra1 Nc6 33. Bg5 a5 34. Bd2 a4 35. Kf2 Ne5 36. Ke2 f5 37. h3 f4 38. Rb1 g5 39. Rb5 Nd7 40. Kd3 Rc5 41. Rb7 Rd5+ 42. Kc2 Ne5 43. Ra7 Nc4 44. Bc1 Na5 45. h4 gxh4 46. Bxf4 g5 47. Be3 a3 48. Ra6 a2 49. Kb2 Nc4+ 50. Kxa2 Nxe3 51. Kb3 Nxg2 52. c4 Rf5 53. Kb4 h3 54. c5 h2 55. Ra1 Nh4 56. c6 Rf7 57. Rh1 Nxf3 58. Kc5 g4 59. Kb5 g3 0-1


[Site "https://www.chess.com"]

[Event "Titled Tuesday Blitz February 14 Early 2023"]
[White "Starozhilov, Leonid"]
[Black "Ibadov, Dashgyn"]
[WhiteFideId "14106752"]
[BlackFideId "24107514"]
[WhiteElo "2313"]
[BlackElo "2391"]
[Result "0-1"]
[Round "03"]
[TimeControl "180+2"]
[Date "2023.02.15"]
[WhiteClock "0:00:03"]
[BlackClock "0:00:10"]

1. e4 e5 2. Nf3 Nc6 3. Nc3 Nf6 4. Bb5 Bb4 5. Bxc6 dxc6 6. d3 Bd6 7. h3 O-O 8. Be3 h6 9. O-O Be6 10. d4 Nd7 11. Re1 Re8 12. Qd2 Qf6 13. dxe5 Nxe5 14. Nxe5 Bxe5 15. f4 Bxc3 16. bxc3 Rad8 17. Qf2 Qxc3 18. Rad1 Bxa2 19. Bd4 Qc4 20. Rd3 c5 21. Bxc5 b6 22. Bd4 c5 23. Ba1 f6 24. Qg3 Qf7 25. e5 fxe5 26. Bxe5 Rxd3 27. cxd3 Bd5 28. Ra1 Kh7 29. Kh2 Be6 30. Qf3 Bd5 31. Qg3 Re6 32. Qe3 Re8 33. g4 Bc6 34. Re1 Qd5 35. Qf2 Qxd3 36. Re3 Qd5 37. Kg3 b5 38. Qc2+ Kg8 39. Rd3 Qh1 40. Qd2 Qg1+ 41. Kh4 Be4 42. Rd8 Rxd8 43. Qxd8+ Kh7 0-1


[Site "https://www.chess.com"]

[Event "Titled Tuesday Blitz February 14 Early 2023"]
[White "Badelka, Olga"]
[Black "Wagh Suyog"]
[WhiteFideId "13509926"]
[BlackFideId "25071688"]
[WhiteElo "2406"]
[BlackElo "2313"]
[Result "0-1"]
[Round "03"]
[TimeControl "180+2"]
[Date "2023.02.15"]
[WhiteClock "0:01:56"]
[BlackClock "0:01:59"]

1. d4 Nf6 2. c4 g6 3. Nf3 Bg7 4. g3 O-O 5. Bg2 d5 6. cxd5 Nxd5 7. O-O Nb6 8. e3 Nc6 9. Nc3 Re8 10. h3 e5 11. d5 Na5 12. Qc2 Nac4 13. b3 Nd6 14. Bb2 f5 15. Rac1 Bd7 16. Rfd1 Rc8 17. Qe2 a6 18. Ng5 Qxg5 0-1


[Site "https://www.chess.com"]

[Event "Titled Tuesday Blitz February 14 Early 2023"]
[White "Cherniaiev, Tykhon"]
[Black "Sowul, Bartosz"]
[WhiteFideId "14182360"]
[BlackFideId "1137590"]
[WhiteElo "2330"]
[BlackElo "2269"]
[Result "1-0"]
[Round "03"]
[TimeControl "180+2"]
[Date "2023.02.15"]
[WhiteClock "0:01:28"]
[BlackClock "0:00:29"]

1. Nf3 Nf6 2. d4 c5 3. c4 cxd4 4. Nxd4 Nc6 5. g3 e6 6. Bg2 Qb6 7. Nb3 Ne5 8. Qc2 Bb4+ 9. Bd2 d6 10. O-O O-O 11. Be3 Qc7 12. a3 Ba5 13. c5 d5 14. Bf4 Nfd7 15. e4 Qd8 16. exd5 exd5 17. Bxd5 Bc7 18. Rd1 Qe7 19. Bg2 a5 20. Nc3 a4 21. Nd5 Qd8 22. Nd4 Ra5 23. c6 Rc5 24. cxd7 Rxc2 25. dxc8=Q 1-0


[Site "https://www.chess.com"]

[Event "Titled Tuesday Blitz February 14 Early 2023"]
[White "Martinez Ramirez, Lennis"]
[Black "Bon, Michael"]
[WhiteFideId "3509079"]
[BlackFideId "620696"]
[WhiteElo "2426"]
[BlackElo "2394"]
[Result "1-0"]
[Round "03"]
[TimeControl "180+2"]
[Date "2023.02.15"]
[WhiteClock "0:00:11"]
[BlackClock "0:00:04"]

1. d4 d5 2. c4 Nc6 3. e3 e5 4. cxd5 Qxd5 5. Nc3 Bb4 6. Bd2 Bxc3 7. Bxc3 exd4 8. Ne2 Nf6 9. Nxd4 O-O 10. Be2 Ne4 11. Bf3 Nxc3 12. Bxd5 Nxd1 13. Rxd1 Nxd4 14. Rxd4 c6 15. Bb3 b5 16. Ke2 c5 17. Rd5 c4 18. Bc2 Rb8 19. Rhd1 Be6 20. Rc5 Rfc8 21. Rxc8+ Rxc8 22. Rd6 Kf8 23. Ra6 Rc7 24. a3 g6 25. Kd2 h5 26. Kc3 h4 27. Kb4 Bd5 28. e4 Bc6 29. f3 Ke7 30. a4 bxa4 31. Bxa4 Rb7+ 32. Kc3 Bxa4 33. Rxa4 Rb3+ 34. Kc2 Re3 35. Rxa7+ Kf6 36. Rd7 h3 37. gxh3 Rxf3 38. Rd4 Rxh3 39. Rxc4 Rxh2+ 40. Kc3 g5 41. b4 g4 42. Rc8 Kg7 43. Kd4 Rb2 44. Kc3 Rb1 45. Rc5 Kg6 46. Rf5 f6 47. b5 1-0


[Site "https://www.chess.com"]

[Event "Titled Tuesday Blitz February 14 Early 2023"]
[White "Enkhtuul, Altan-Ulzii"]
[Black "Jaracz, Pawel"]
[WhiteFideId "4901444"]
[BlackFideId "1102222"]
[WhiteElo "2254"]
[BlackElo "2467"]
[Result "0-1"]
[Round "03"]
[TimeControl "180+2"]
[Date "2023.02.15"]
[WhiteClock "0:00:01"]
[BlackClock "0:00:29"]

1. d4 Nf6 2. Nc3 d6 3. e4 e5 4. Nf3 Nbd7 5. Bc4 Be7 6. O-O O-O 7. h3 a6 8. a4 b6 9. Re1 c6 10. Bg5 Re8 11. Bxf6 Bxf6 12. dxe5 Nxe5 13. Be2 Bb7 14. Nd4 g6 15. f4 Nd7 16. Bf3 Qc7 17. Nde2 b5 18. Qd2 b4 19. Nd1 c5 20. Ng3 Nb6 21. Rb1 Nxa4 22. c3 a5 23. Kh2 Bg7 24. cxb4 axb4 25. Ne3 Nb6 26. f5 Nd7 27. Ng4 Ne5 28. Nh6+ Kh8 29. Qg5 Qe7 30. Qxe7 Rxe7 31. Ng4 Nxg4+ 32. hxg4 Ra2 33. Re2 Be5 34. Kh3 Ba6 35. Rd2 Bf4 36. Rdd1 c4 37. f6 Re6 38. Ne2 Be5 39. g5 h6 40. Bg4 Re8 41. Nd4 Bb7 42. Bd7 Rd8 43. Bc6 Bc8+ 44. g4 hxg5 45. Bd5 Bxf6 46. Bxc4 Ra7 47. Nc6 Rc7 48. Kg3 Rxc6 49. Bxf7 Kg7 50. Bd5 Be5+ 51. Kf3 Rc2 52. Bb3 Rf8+ 53. Ke3 Rcf2 54. Kd3 Ba6+ 55. Bc4 R8f3# 0-1


[Site "https://www.chess.com"]

[Event "Titled Tuesday Blitz February 14 Early 2023"]
[White "Loskutova, Viktoriya"]
[Black "Boyer, Mahel"]
[WhiteFideId "34166278"]
[BlackFideId "45102422"]
[WhiteElo "2153"]
[BlackElo "2489"]
[Result "1-0"]
[Round "03"]
[TimeControl "180+2"]
[Date "2023.02.15"]
[WhiteClock "0:00:20"]
[BlackClock "0:00:03"]

1. e4 Nc6 2. Nf3 d5 3. exd5 Qxd5 4. Nc3 Qh5 5. Be2 Bg4 6. d3 O-O-O 7. O-O Nf6 8. h3 Bxh3 9. gxh3 Qxh3 10. Nh2 e6 11. Bf4 g5 12. Bg3 h5 13. Nf3 h4 14. Bh2 Ng4 15. Re1 Nd4 16. Be5 Bd6 17. Nxg5 Qh1+ 18. Kxh1 Nxf2+ 19. Kg1 Nxd1 20. Bxh8 Nxc3 21. Bxd4 Nb5 22. Bf6 Rg8 23. Kh1 Bg3 24. Rf1 Nd6 25. Ne4 Ne8 26. Nxg3 hxg3 27. Kg2 1-0


[Site "https://www.chess.com"]

[Event "Titled Tuesday Blitz February 14 Early 2023"]
[White "Jarocka, Liwia"]
[Black "Makhnev, Denis"]
[WhiteFideId "21807558"]
[BlackFideId "13707647"]
[WhiteElo "2225"]
[BlackElo "2483"]
[Result "0-1"]
[Round "03"]
[TimeControl "180+2"]
[Date "2023.02.15"]
[WhiteClock "0:00:21"]
[BlackClock "0:01:23"]

1. e4 e5 2. Nf3 Nc6 3. Bc4 Bc5 4. d3 Nf6 5. O-O a5 6. c3 d6 7. Bb3 Ba7 8. Be3 O-O 9. Nbd2 h6 10. h3 Re8 11. Re1 Ne7 12. d4 Ng6 13. dxe5 dxe5 14. Bxa7 Rxa7 15. Nc4 Qe7 16. Bc2 Rd8 17. Qe2 b5 18. Ne3 b4 19. Nf5 Qc5 20. Qe3 Qxe3 21. Nxe3 Be6 22. Nd5 Nd7 23. cxb4 c6 24. Ne3 axb4 25. Bb3 Bxb3 26. axb3 Rxa1 27. Rxa1 Nc5 28. Nc4 f6 29. Ncd2 Rd3 30. Ra8+ Kh7 31. Rb8 Nxb3 32. Nc4 c5 33. Nd6 Rxd6 0-1


[Site "https://www.chess.com"]

[Event "Titled Tuesday Blitz February 14 Early 2023"]
[White "Bozorov, Makhsum"]
[Black "Terry, Renato"]
[WhiteFideId "14201330"]
[BlackFideId "3803457"]
[WhiteElo "2145"]
[BlackElo "2520"]
[Result "0-1"]
[Round "03"]
[TimeControl "180+2"]
[Date "2023.02.15"]
[WhiteClock "0:00:07"]
[BlackClock "0:00:32"]

1. d4 d5 2. Nf3 Nf6 3. g3 c6 4. Bg2 Bf5 5. c4 e6 6. Nc3 Nbd7 7. Qb3 Qb6 8. c5 Qxb3 9. axb3 a6 10. h3 h6 11. g4 Bh7 12. b4 Rc8 13. Bf4 Be7 14. Nd2 O-O 15. e3 Rfe8 16. Bg3 Bd3 17. Nb3 Bd8 18. f4 Bc7 19. Kd2 Bh7 20. Bf1 Ne4+ 21. Nxe4 Bxe4 22. Rg1 f6 23. Bxa6 bxa6 24. Rxa6 Nb8 25. Ra7 Re7 26. Rga1 f5 27. Kc3 Bg2 28. Bh4 Rf7 29. gxf5 exf5 30. Rb7 Bxh3 31. Raa7 Bf1 32. Na5 Bb5 33. Bd8 Rxd8 34. Rxc7 Rxc7 35. Rxc7 Kh7 36. Nb7 Rd7 37. Rxd7 Nxd7 38. Nd6 Kg6 39. Nxb5 cxb5 40. c6 Nb6 41. c7 h5 0-1


[Site "https://www.chess.com"]

[Event "Titled Tuesday Blitz February 14 Early 2023"]
[White "Shimanov, Aleksandr"]
[Black "Baghdasaryan, Vahe"]
[WhiteFideId "4198603"]
[BlackFideId "13303139"]
[WhiteElo "2581"]
[BlackElo "2257"]
[Result "1-0"]
[Round "03"]
[TimeControl "180+2"]
[Date "2023.02.15"]
[WhiteClock "0:00:07"]
[BlackClock "0:00:07"]

1. c4 c6 2. d4 d5 3. cxd5 cxd5 4. Nc3 Nf6 5. Bf4 Nc6 6. e3 Bf5 7. Nf3 e6 8. Qb3 Nb4 9. Bb5+ Nd7 10. Ne5 Bc2 11. Bxd7+ Qxd7 12. Nxd7 Bxb3 13. Nxf8 Nc2+ 14. Kd2 Nxa1 15. Rxa1 Bc4 16. Bd6 O-O-O 17. Ba3 Rhxf8 18. Bxf8 Rxf8 19. Rc1 Kd7 20. h4 b6 21. f3 f6 22. b3 Ba6 23. h5 Bb7 24. Rh1 e5 25. Rh4 Re8 26. f4 exd4 27. exd4 b5 28. Nxb5 Re4 29. Rg4 g5 30. hxg6 hxg6 31. Rxg6 Ba6 32. Rg7+ Kc6 33. Nxa7+ Kb6 34. Kc3 Rxf4 35. a4 Rf1 36. Kb4 Bb7 37. Nb5 Rd1 38. a5+ Ka6 39. Rf7 1-0


[Site "https://www.chess.com"]

[Event "Titled Tuesday Blitz February 14 Early 2023"]
[White "Malka, Samuel"]
[Black "Ibarra Jerez, Jose Carlos"]
[WhiteFideId "20643675"]
[BlackFideId "2226332"]
[WhiteElo "2165"]
[BlackElo "2563"]
[Result "0-1"]
[Round "03"]
[TimeControl "180+2"]
[Date "2023.02.15"]
[WhiteClock "0:00:09"]
[BlackClock "0:00:47"]

1. d4 Nf6 2. c4 d6 3. Nf3 g6 4. Nc3 Bf5 5. Ng5 Bd7 6. e4 e5 7. Nf3 exd4 8. Nxd4 Bg7 9. Be2 O-O 10. O-O Re8 11. f3 Nc6 12. Be3 Nh5 13. Qd2 Nxd4 14. Bxd4 Nf4 15. Rad1 Bxd4+ 16. Qxd4 Qg5 17. g3 Bc6 18. Kh1 Nxe2 19. Nxe2 f5 20. Nc3 fxe4 21. fxe4 Re5 22. Rde1 Rae8 23. Rf4 b6 24. Ref1 Qe7 25. Re1 Qe6 26. Kg2 g5 27. Nd5 gxf4 28. Nxc7 Rxe4 0-1


[Site "https://www.chess.com"]

[Event "Titled Tuesday Blitz February 14 Early 2023"]
[White "Rakhmanov, Aleksandr"]
[Black "Shuvalov, Evgenij"]
[WhiteFideId "4173708"]
[BlackFideId "4187237"]
[WhiteElo "2632"]
[BlackElo "2038"]
[Result "1-0"]
[Round "03"]
[TimeControl "180+2"]
[Date "2023.02.15"]
[WhiteClock "0:01:17"]
[BlackClock "0:00:24"]

1. c4 Nf6 2. Nc3 d5 3. cxd5 Nxd5 4. Nf3 g6 5. Qb3 Nb6 6. d4 Bg7 7. Bf4 Nc6 8. e3 O-O 9. Rd1 Bf5 10. Be2 a5 11. e4 Bg4 12. d5 a4 13. Qa3 Na5 14. O-O Re8 15. Qb4 Bf8 16. Qd4 Bg7 17. Qc5 Bxf3 18. gxf3 Qd7 19. Bb5 Qh3 20. Bxe8 Qxf3 21. Bxc7 Rxe8 22. Qxb6 Nc4 23. Qb5 Ne5 24. Qxe8+ Bf8 25. Bxe5 1-0


[Site "https://www.chess.com"]

[Event "Titled Tuesday Blitz February 14 Early 2023"]
[White "Pantsulaia, Levan"]
[Black "Yurasova, Daria"]
[WhiteFideId "13602071"]
[BlackFideId "34146919"]
[WhiteElo "2570"]
[BlackElo "2095"]
[Result "1-0"]
[Round "03"]
[TimeControl "180+2"]
[Date "2023.02.15"]
[WhiteClock "0:00:09"]
[BlackClock "0:00:07"]

1. Nf3 d5 2. c4 dxc4 3. Na3 Nf6 4. Nxc4 e6 5. g3 Be7 6. Bg2 O-O 7. O-O Nbd7 8. b3 Nb6 9. d4 Nxc4 10. bxc4 c5 11. Bb2 Qc7 12. Qb3 Rd8 13. Rfd1 Bd7 14. Ne5 Rab8 15. d5 exd5 16. cxd5 Bd6 17. Nc4 b5 18. Nxd6 Qxd6 19. e4 Qb6 20. e5 Ne8 21. Qe3 Bf5 22. d6 Be6 23. a3 c4 24. Bd4 Qa6 25. Bxa7 Rbc8 26. Bb6 Rd7 27. Bc5 g6 28. h3 Ng7 29. g4 h5 30. f3 hxg4 31. fxg4 c3 32. Rac1 Bc4 33. Rxc3 Ne6 34. Bb4 Rdd8 35. Rdc1 Qa4 36. Bf1 Qa6 37. Bg2 Qa4 38. Kh1 Qa6 39. Kh2 Qa4 40. h4 Qa6 41. h5 gxh5 42. gxh5 Ba2 43. Be4 Rxc3 44. Rg1+ Kf8 45. Bxc3 Qc8 46. Ba5 Ke8 47. Bxd8 Nxd8 48. Rg8+ Kd7 49. Bf5+ Be6 50. Bxe6+ fxe6 51. Rg7+ Kc6 52. Rc7+ 1-0


[Site "https://www.chess.com"]

[Event "Titled Tuesday Blitz February 14 Early 2023"]
[White "Yuan, Qingyu"]
[Black "Toncheva, Nadya"]
[WhiteFideId "8609772"]
[BlackFideId "2924056"]
[WhiteElo "2373"]
[BlackElo "2295"]
[Result "1/2-1/2"]
[Round "03"]
[TimeControl "180+2"]
[Date "2023.02.15"]
[WhiteClock "0:00:06"]
[BlackClock "0:00:05"]

1. e4 c5 2. Nf3 Nc6 3. Bb5 e6 4. O-O Nge7 5. Re1 a6 6. Bf1 d5 7. exd5 Nxd5 8. d4 Nf6 9. Be3 cxd4 10. Nxd4 Nxd4 11. Bxd4 Be7 12. c4 O-O 13. Nc3 Bd7 14. Qb3 Bc6 15. Bb6 Qc8 16. Rad1 Nd7 17. Bd4 Bf6 18. Bxf6 Nxf6 19. Qb6 Rd8 20. h3 h6 21. b3 Rxd1 22. Rxd1 Nd7 23. Qa5 Qd8 24. Qxd8+ Rxd8 25. g3 Kf8 26. Bg2 Bxg2 27. Kxg2 Ke7 28. Kf3 Ne5+ 29. Ke4 Rxd1 30. Nxd1 Nc6 31. Ne3 f5+ 32. Kf3 Nd4+ 33. Kg2 e5 34. Kf1 Ke6 35. Ke1 g5 36. Kd2 Nf3+ 37. Kc3 Ng1 38. h4 gxh4 39. gxh4 h5 40. Kb4 Nf3 41. Ng2 Kd6 42. c5+ Kc6 43. Kc4 Nd2+ 44. Kb4 Ne4 45. f4 Nxc5 46. fxe5 Nd3+ 47. Kc3 Nxe5 48. Nf4 Nf3 49. Nxh5 Nxh4 50. Nf4 Nf3 51. Kd3 Kd6 52. Ke3 Ne5 53. Kd4 Nc6+ 54. Ke3 Nb4 55. Ne2 Nxa2 56. Kf4 b5 57. Kxf5 Kd5 58. Kf4 Nb4 59. Ke3 Kc5 60. Kd2 Nd5 61. Kc2 Kb4 62. Kb2 Ne3 63. Nc1 Nd5 64. Nd3+ Ka5 65. Nc5 Kb6 66. Nd3 Kc6 67. Ne5+ Kc5 68. Nd3+ Kb6 69. Kc2 a5 70. Kb2 Nb4 71. Ne5 Kc5 72. Nf3 Kd5 73. Kc3 Nc6 74. Nd2 Kc5 75. Ne4+ Kd5 76. Nd2 Ne5 77. Kc2 Kd4 78. Nb1 Nc6 79. Nc3 Nb4+ 80. Kb2 Nd3+ 81. Kc2 b4 82. Na4 Nc5 83. Nb2 Ne4 84. Nd1 Nc3 85. Nb2 Kc5 86. Nd3+ Kb5 87. Ne5 a4 88. bxa4+ Kxa4 89. Nd3 Nd5 90. Nxb4 1/2-1/2


[Site "https://www.chess.com"]

[Event "Titled Tuesday Blitz February 14 Early 2023"]
[White "Baskakov, Egor"]
[Black "Reprintsev, Alexander"]
[WhiteFideId "24197866"]
[BlackFideId "14100541"]
[WhiteElo "2215"]
[BlackElo "2253"]
[Result "1-0"]
[Round "03"]
[TimeControl "180+2"]
[Date "2023.02.15"]
[WhiteClock "0:00:36"]
[BlackClock "0:00:11"]

1. e4 d5 2. exd5 Qxd5 3. Nf3 Bg4 4. Be2 Nc6 5. Nc3 Qd7 6. h3 Bf5 7. O-O O-O-O 8. Nh4 Be6 9. d3 h6 10. Re1 g5 11. Nf3 Bg7 12. Ne4 Bf5 13. c3 Nf6 14. Nc5 Qd6 15. d4 Ne4 16. Nxe4 Bxe4 17. Nd2 Bg6 18. Nc4 Qd7 19. Qb3 Be4 20. Bg4 f5 21. Rxe4 fxg4 22. hxg4 e5 23. Nxe5 Nxe5 24. dxe5 Qd1+ 25. Qxd1 Rxd1+ 26. Kh2 Re8 27. e6 c5 28. g3 b6 29. Kg2 Kb7 30. f4 Kc6 31. f5 Bf6 32. Re2 Red8 33. a4 Be7 34. b3 R8d3 35. Bb2 R1d2 36. Re1 a5 37. c4 Bd6 38. Bg7 Rxg3+ 39. Kf2 Rdd3 40. Re3 Rdxe3 41. Rxe3 Rxg4 42. f6 Rf4+ 43. Rf3 h5 44. Rxf4 gxf4 45. Kf3 1-0


[Site "https://www.chess.com"]

[Event "Titled Tuesday Blitz February 14 Early 2023"]
[White "Ahmadzada, Ahmad"]
[Black "Ramirez Allo, Eduardo"]
[WhiteFideId "13413007"]
[BlackFideId "2224178"]
[WhiteElo "2488"]
[BlackElo "2274"]
[Result "1-0"]
[Round "03"]
[TimeControl "180+2"]
[Date "2023.02.15"]
[WhiteClock "0:00:06"]
[BlackClock "0:00:01"]

1. b4 Nf6 2. Bb2 e6 3. a3 Be7 4. Nf3 O-O 5. e3 d6 6. d4 Nbd7 7. c4 c5 8. Be2 b6 9. O-O Bb7 10. Nc3 Rc8 11. d5 exd5 12. cxd5 a6 13. e4 Re8 14. Nd2 Bf8 15. f4 b5 16. Kh1 Qb6 17. Bd3 g6 18. Qf3 Bg7 19. Rac1 Rc7 20. Nd1 Rec8 21. g4 a5 22. g5 Ne8 23. Bxg7 Nxg7 24. Rb1 axb4 25. axb4 c4 26. Bc2 Qd4 27. Qe3 Qxe3 28. Nxe3 Ra8 29. Ra1 Rcc8 30. Kg2 f6 31. h4 Nh5 32. Kf3 Rf8 33. Rxa8 Rxa8 34. gxf6 Ndxf6 35. Nb1 Ra2 36. Rd1 Rb2 37. e5 Ne8 38. e6 Rxb4 39. f5 Kg7 40. fxg6 hxg6 41. Rg1 Nhf6 42. Rxg6+ Kf8 43. Nf5 Rb2 44. e7+ Kf7 45. Nh6+ Kxe7 46. Nf5+ Kd8 47. Na3 b4 48. Nxc4 Rxc2 49. Ncxd6 Bxd5+ 50. Ke3 Nxd6 51. Nxd6 Ke7 52. Nf5+ Kf7 53. Rg7+ Ke6 54. Nd4+ 1-0


[Site "https://www.chess.com"]

[Event "Titled Tuesday Blitz February 14 Early 2023"]
[White "Jimenez Almeida, Luis David"]
[Black "Oro, Faustino"]
[WhiteFideId "22242244"]
[BlackFideId "20000197"]
[WhiteElo "2242"]
[BlackElo "2269"]
[Result "0-1"]
[Round "03"]
[TimeControl "180+2"]
[Date "2023.02.15"]
[WhiteClock "0:00:01"]
[BlackClock "0:00:10"]

1. e4 e5 2. Nf3 Nc6 3. Bb5 Nf6 4. O-O Be7 5. Re1 d6 6. c3 O-O 7. d3 a6 8. Ba4 b5 9. Bc2 Re8 10. Nbd2 Bf8 11. Nf1 Ne7 12. a4 Rb8 13. Ng3 Ng6 14. axb5 axb5 15. b4 d5 16. Bb3 c6 17. Qc2 h6 18. Be3 Bg4 19. Ba7 Rb7 20. Nd2 Nf4 21. d4 dxe4 22. Ndxe4 N6d5 23. dxe5 Rxe5 24. Bd4 Re8 25. h3 Bc8 26. Nc5 Rbe7 27. Rxe7 Qxe7 28. Qd2 Qg5 29. Kh2 Nxh3 30. Qxg5 Nxg5 31. Bxd5 cxd5 32. Ra5 f5 33. Rxb5 f4 34. Nh5 f3 35. Nd3 fxg2 36. Kxg2 Bh3+ 37. Kg3 Bf5 38. Ne5 Be6 39. f4 Ne4+ 40. Kf3 Rc8 41. Rb7 Nd6 42. Ra7 Nb5 43. Rb7 Nd6 44. Ra7 Nf5 45. Ng6 Bd6 46. Bc5 Bxc5 47. bxc5 Bf7 48. Rxf7 Kxf7 49. Ne5+ Ke6 50. c6 Ne7 51. Nxg7+ Kd6 52. Nh5 Nxc6 53. Nf7+ Ke7 54. Nxh6 Na5 55. Nf5+ Kd7 56. Nf6+ Ke6 57. Nxd5 Rc5 58. Nfe7 Nc4 59. f5+ Ke5 60. f6 Nd6 61. Ke3 Rc4 62. Kd3 Rh4 63. Kc2 Rh3 64. Kb3 Ne4 65. Kb4 Rh1 66. c4 Rb1+ 67. Ka5 Kd6 68. f7 Rf1 69. Kb6 Nc5 70. Ng6 Nd7+ 71. Kb7 Rxf7 72. Nge7 Nc5+ 73. Kb6 Rf1 74. Nc8+ Kd7 75. Nce7 Ne6 76. Kb5 Rb1+ 77. Ka4 Nc5+ 78. Ka3 Rb3+ 79. Ka2 Kd6 80. Nf5+ Ke5 81. Nfe3 Rd3 82. Kb2 Kd4 83. Kc2 Ra3 84. Kd2 Ne4+ 85. Ke2 Ra2+ 86. Kf3 Rf2+ 87. Kg4 Ke5 88. Kh3 Rf3+ 89. Kg4 Rg3+ 90. Kh4 Rg8 91. Kh3 Kd4 92. Kh4 Kd3 93. Kh3 Ke2 94. Kh4 Kf3 95. Kh5 Rg5+ 96. Kh6 Rg1 97. Kh5 Nd6 98. c5 Nb5 99. Nf5 Ke4 100. Nfe7 Ke5 101. c6 Kd6 102. Kh4 Rd1 103. Kg5 Rd2 104. Kf6 Nd4 105. Kf7 Rf2+ 0-1


[Site "https://www.chess.com"]

[Event "Titled Tuesday Blitz February 14 Early 2023"]
[White "Aarav Dengla"]
[Black "Vasquez Schroeder, Rodrigo"]
[WhiteFideId "45059756"]
[BlackFideId "3400042"]
[WhiteElo "2343"]
[BlackElo "2524"]
[Result "0-1"]
[Round "03"]
[TimeControl "180+2"]
[Date "2023.02.15"]
[WhiteClock "0:00:02"]
[BlackClock "0:00:44"]

1. e4 c6 2. d4 d5 3. exd5 cxd5 4. Bd3 Nc6 5. c3 Qc7 6. h3 g6 7. Qc2 Bg7 8. Nf3 Nh6 9. O-O O-O 10. Na3 a6 11. Qe2 f6 12. Bc2 Nf7 13. Be3 e5 14. dxe5 fxe5 15. Bb3 Be6 16. Rad1 Rad8 17. Ng5 Nxg5 18. Bxg5 Rd7 19. Nc2 Na5 20. Ne3 Nxb3 21. axb3 d4 22. cxd4 exd4 23. Nc4 Bd5 24. Qd3 b5 25. Nd2 Qe5 26. Bh4 Qf5 27. Qxf5 Rxf5 28. Rfe1 d3 29. Re3 Bc6 30. g4 Rf4 31. Bg3 Rb4 32. Be5 Bh6 33. f4 Bxf4 34. Bxf4 Rxf4 35. Rc1 Bb7 36. Rc3 Rfd4 37. Kf2 Kg7 38. Ke1 h5 39. gxh5 gxh5 40. Rc5 R4d5 41. Rc3 Kg6 42. Rg3+ Kf6 43. Ne4+ Ke5 44. Re3 Kf4 45. Kd2 Rg7 46. Nf2 Rg2 47. Rcxd3 Rxf2+ 48. Kc3 Rxd3+ 49. Kxd3 Rf3 50. Rxf3+ Bxf3 0-1


[Site "https://www.chess.com"]